[Event "Saturday 06 January Rapid Engine Tour 12+1 Rounds 9 Starts 1600 ST"]
[Site "Infinity Chess"]
[Date "2018.1.6"]
[Round "7"]
[White "THE_MACHINE"]
[Black "incredible"]
[Result "1-0"]
[ECO "C50"]
[WhiteElo "2513"]
[BlackElo "2498"]
[WhiteEngine "BrainFish_171226_x64_bmi2"]
[BlackEngine "stockfish_18010422_x64_bmi2"]
[EventType "Swiss"]
[WhiteTeam ""]
[BlackTeam ""]
[PlyCount "265"]
[TimeControl "720+1"]

1. e4 e5 2. Nf3 Nc6 3. Bc4 Bc5 4. O-O Nf6 5. d3 d6 6. c3 Bb6 7. a4 h6 8. b4 a5 
9. b5 Ne7 10. Be3 Bxe3 11. fxe3 O-O 12. Bb3 Ng6 13. c4 Nd7 14. h3 Nh4 
15. Nc3 Nxf3+ 16. Rxf3 Nf6 17. Qe1 Be6 18. Qg3 Nd7 19. Raf1 Nc5 20. Bc2 f6 
21. Nd5 Kh7 22. Nc3 Kh8 23. Qe1 Rc8 24. Qe2 c6 25. R3f2 Qe7 26. Qd2 Rfd8 
27. Rd1 Qe8 28. Qe1 Bf7 29. Rc1 Bg6 30. Rb1 Qg8 31. Rf1 Ra8 32. Qd2 Rac8 
33. Rf2 Qe8 34. Re1 Qf7 35. Rff1 Ra8 36. Rc1 Bh7 37. Rce1 Rac8 38. Kh2 Bg8 
39. Rc1 Qe8 40. Qe1 Bh7 41. Rf2 Rb8 42. Rb1 Rbc8 43. Rc1 Ra8 44. Qf1 Qg6 
45. Qe2 Qg5 46. Rcf1 Qg6 47. Rd1 Rac8 48. Qd2 Ra8 49. Rdf1 Bg8 50. Ne2 Qf7 
51. Nc3 Qe7 52. Qe2 Bf7 53. Kg1 Bg8 54. Qe1 Qe8 55. Ne2 Bh7 56. Nc3 Bg6 
57. Qd2 Qg8 58. Bd1 Qh7 59. Bf3 h5 60. Kh2 Qh6 61. Qe2 Bf7 62. Rb1 Rac8 
63. Rh1 Rf8 64. Rd1 g6 65. Rb1 Bg8 66. Rff1 Rc7 67. Rf2 Rcc8 68. Qd2 Nd7 
69. Be2 Be6 70. Rbf1 Kg7 71. Rf3 Rcd8 72. Bd1 Kh7 73. Kg1 Kh8 74. Ne2 cxb5 
75. axb5 b6 76. Nc3 Rf7 77. Bb3 g5 78. R3f2 g4 79. h4 g3 80. Rf3 Rg7 81. Ba2 Rf8 
82. c5 Bxa2 83. Qxa2 dxc5 84. Qd5 Qh7 85. Rf5 Qg6 86. Ne2 Rfg8 87. Nxg3 Qxg3 
88. Rxh5+ Rh7 89. Rxh7+ Kxh7 90. Qxd7+ Rg7 91. Qf5+ Rg6 92. Qf2 Qh3 93. Re1 Kg8 
94. Re2 Qg4 95. Kh2 Kf7 96. Rc2 Qd7 97. g3 Ke7 98. d4 exd4 99. exd4 Qxd4 
100. Qf3 Qd6 101. Re2 Rh6 102. e5 fxe5 103. Qf5 Re6 104. h5 Kd7 105. Kh3 c4 
106. Qh7+ Ke8 107. Qg8+ Kd7 108. Rf2 Re8 109. Qh7+ Kd8 110. Qe4 Qd3 
111. Qc6 Qd7+ 112. g4 Qxc6 113. bxc6 c3 114. g5 Kc7 115. g6 Rg8 116. Rc2 Rg7 
117. Rxc3 Rg8 118. Rg3 b5 119. g7 a4 120. h6 a3 121. h7 a2 122. hxg8=Q a1=Q 
123. Qf7+ Kb6 124. Qf3 Qc1 125. g8=Q Qh6+ 126. Kg4 Qd6 127. Qgf7 b4 
128. Qb7+ Kc5 129. Qa7+ Kc4 130. Qb3+ Kb5 131. Qba4+ Kc4 132. Qa2+ b3 133. Qxb3# 
1-0

[Event "Saturday 06 January Rapid Engine Tour 12+1 Rounds 9 Starts 1600 ST"]
[Site "Infinity Chess"]
[Date "2018.1.6"]
[Round "7"]
[White "KULLANI"]
[Black "xeonrocks"]
[Result "1/2-1/2"]
[ECO "C50"]
[WhiteElo "2452"]
[BlackElo "2520"]
[WhiteEngine "Raubfisch ME262_GTZ16b1._CTG"]
[BlackEngine "asmFishW_CTG"]
[EventType "Swiss"]
[WhiteTeam ""]
[BlackTeam ""]
[PlyCount "91"]
[TimeControl "720+1"]

1. e4 e5 2. Nf3 Nc6 3. Bc4 Bc5 4. O-O Nf6 5. d3 d6 6. c3 O-O 7. Bg5 h6 8. Bh4 a6 
9. d4 Ba7 10. dxe5 dxe5 11. Qxd8 Rxd8 12. Bxf6 gxf6 13. Nbd2 Na5 14. Be2 Nc6 
15. Rfd1 Be6 16. Bc4 b5 17. Bxe6 fxe6 18. a4 Rd3 19. axb5 axb5 20. Kf1 Rdd8 
21. Ke2 Bb6 22. b4 Kf7 23. g3 Ke7 24. Rdb1 Rdc8 25. Ne1 Nd8 26. Nb3 Nf7 
27. Nd3 h5 28. Rd1 Nd6 29. Ndc5 f5 30. exf5 exf5 31. Rd5 Kf6 32. f4 exf4 
33. Rxd6+ cxd6 34. Nd7+ Kg6 35. Nxb6 Rxa1 36. Nxc8 fxg3 37. hxg3 Ra3 
38. Nd4 Rxc3 39. Ne7+ Kg5 40. Nexf5 Rc4 41. Nxb5 Rxb4 42. Nbxd6 h4 43. Nxh4 Kg4 
44. Nhf5 Rb3 45. Kf2 Rb2+ 46. Ke3 1/2-1/2

[Event "Saturday 06 January Rapid Engine Tour 12+1 Rounds 9 Starts 1600 ST"]
[Site "Infinity Chess"]
[Date "2018.1.6"]
[Round "6"]
[White "IronMan"]
[Black "CoffeeOne"]
[Result "1/2-1/2"]
[ECO "A00"]
[WhiteElo "2376"]
[BlackElo "2506"]
[WhiteEngine "Stockfish SL BMI2"]
[BlackEngine "cfish-2018-01-05"]
[EventType "Swiss"]
[WhiteTeam ""]
[BlackTeam ""]
[PlyCount "135"]
[TimeControl "720+1"]

1. g3 e5 2. Bg2 d5 3. d3 Nf6 4. Nf3 Bd6 5. e4 c6 6. O-O O-O 7. exd5 cxd5 
8. c4 d4 9. Bg5 Bc7 10. b4 h6 11. Bxf6 Qxf6 12. Nbd2 Bg4 13. Rc1 Nc6 14. Qa4 Qf5 
15. b5 Nd8 16. Qa3 Qd7 17. Rfe1 f6 18. Qb4 Rb8 19. c5 Nf7 20. Nb3 b6 21. a4 Bf5 
22. Qc4 Be6 23. Qc2 Rfc8 24. c6 Qd6 25. Nfd2 Re8 26. Rb1 Qf8 27. Nc1 Qe7 
28. Na2 Bd6 29. Re2 Ra8 30. Nc4 Bc5 31. Nc1 Nd6 32. Nb3 Nxc4 33. dxc4 Rad8 
34. Be4 Bb4 35. Kg2 Bc3 36. Bd3 Qd6 37. Nd2 f5 38. Bxf5 d3 39. Qxc3 dxe2 
40. Bxe6+ Rxe6 41. Re1 Qxd2 42. c7 Qxc3 43. cxd8=Q+ Kh7 44. Rxe2 Qxc4 
45. Re3 Qxa4 46. Qd5 Qg4 47. Rxe5 Rxe5 48. Qxe5 Qc4 49. h4 Kh8 50. h5 Kh7 
51. f3 a5 52. bxa6 Qxa6 53. g4 b5 54. Kg3 Qb7 55. Qf5+ Kh8 56. f4 Qa6 
57. Qe5 Kh7 58. g5 hxg5 59. fxg5 Qa3+ 60. Kg4 Qb4+ 61. Kf5 Qb1+ 62. Kf4 Qf1+ 
63. Ke3 Qe1+ 64. Kf4 Qxe5+ 65. Kxe5 Kh8 66. Kd4 b4 67. Kc4 Kg8 68. g6 1/2-1/2

[Event "Saturday 06 January Rapid Engine Tour 12+1 Rounds 9 Starts 1600 ST"]
[Site "Infinity Chess"]
[Date "2018.1.6"]
[Round "6"]
[White "MGR"]
[Black "Thinker"]
[Result "1/2-1/2"]
[ECO "C32"]
[WhiteElo "2484"]
[BlackElo "2449"]
[WhiteEngine "asmFishW_2017-11-19_bmi2"]
[BlackEngine "BrainFish_180106_x64_modern_CTG"]
[EventType "Swiss"]
[WhiteTeam ""]
[BlackTeam ""]
[PlyCount "145"]
[TimeControl "720+1"]

1. e4 e5 2. f4 d5 3. exd5 exf4 4. Nf3 Nf6 5. Bc4 Nxd5 6. O-O Be6 7. Bb3 c5 
8. Kh1 Nc6 9. d4 c4 10. Ba4 g5 11. Nc3 Be7 12. Nxd5 Qxd5 13. c3 O-O 14. b3 Bf5 
15. Nd2 cxb3 16. Qxb3 Qxb3 17. axb3 Rac8 18. b4 a6 19. Bb2 Bd6 20. b5 axb5 
21. Bxb5 Rfd8 22. h4 h6 23. Rfe1 gxh4 24. Ne4 Be7 25. Kg1 Ra8 26. Bd3 Bg6 
27. Nf2 Bg5 28. Be2 Rxa1 29. Rxa1 Re8 30. Bf3 Bf5 31. Nh3 Re3 32. Kf2 Kg7 
33. Ra8 Rd3 34. Ke2 Re3+ 35. Kf2 Kf6 36. Ra3 Kg6 37. Ra8 Bd7 38. Rg8+ Kf5 
39. Ra8 b6 40. Ra6 Na5 41. Rxb6 Nc4 42. Rb7 Be8 43. Bd5 Nxb2 44. Rxb2 Rxc3 
45. Ng1 Rc7 46. Nf3 Bf6 47. Rb4 Rc2+ 48. Kg1 Rc1+ 49. Kf2 Rc2+ 50. Kg1 Rc1+ 
51. Kf2 Rc7 52. Bc4 Kg6 53. Bb5 Bd7 54. Bxd7 Rxd7 55. Rb6 Kf5 56. Rb5+ Ke4 
57. Rh5 Rd6 58. Ke2 Bg5 59. Nxg5+ hxg5 60. Rxg5 Rg6 61. Re5+ Kxd4 62. Ra5 Rxg2+ 
63. Kf3 h3 64. Ra4+ Ke5 65. Ra5+ Kd4 66. Ra4+ Kd5 67. Rxf4 Rg1 68. Rf5+ Kd4 
69. Rh5 Rb1 70. Kf4 Rf1+ 71. Kg3 Ke4 72. Rh4+ Ke3 73. Ra4 1/2-1/2

[Event "Saturday 06 January Rapid Engine Tour 12+1 Rounds 9 Starts 1600 ST"]
[Site "Infinity Chess"]
[Date "2018.1.6"]
[Round "6"]
[White "hafaba"]
[Black "OlivierEvan"]
[Result "1-0"]
[ECO "A05"]
[WhiteElo "2401"]
[BlackElo "2389"]
[WhiteEngine "SF SL 03012018 POPCNT_CTG"]
[BlackEngine "Houdini 6"]
[EventType "Swiss"]
[WhiteTeam ""]
[BlackTeam ""]
[PlyCount "146"]
[TimeControl "720+1"]

1. Nf3 Nf6 2. d4 d5 3. c4 e6 4. Nc3 c6 5. e3 Nbd7 6. Be2 Bd6 7. b3 O-O 8. O-O b6 
9. Bb2 Bb7 10. Qc2 Qe7 11. Rfe1 Rac8 12. e4 dxe4 13. Nxe4 Nxe4 14. Qxe4 f5 
15. Qe3 c5 16. Ng5 Rce8 17. Bh5 g6 18. Qd2 Rf6 19. d5 e5 20. Bf3 h6 21. Ne6 Kh7 
22. g3 Nf8 23. Nf4 e4 24. Bxf6 Qxf6 25. Bg2 Bc8 26. Rad1 Kg8 27. f3 g5 
28. Ne6 Be5 29. Nxf8 Bd4+ 30. Kh1 e3 31. f4 Kxf8 32. Qd3 Bd7 33. Re2 a6 
34. Rf1 g4 35. h3 h5 36. h4 b5 37. a3 Kg7 38. Rb1 Re7 39. Rbe1 Bc3 40. Rb1 Bd4 
41. Rbe1 Bc3 42. Rg1 Bd4 43. Kh2 Re8 44. Rb1 Re7 45. Qc2 Re8 46. Bf1 Kg6 
47. Rg2 Re4 48. Be2 Be8 49. b4 cxb4 50. axb4 bxc4 51. Qxc4 Bb6 52. Qxa6 Bf7 
53. Rd1 Rxb4 54. Qc8 Qd6 55. Bd3 Qf6 56. Rc2 Kg7 57. Qc6 Bd8 58. Be2 Rb8 
59. Rc3 Qxc6 60. dxc6 Rb2 61. Kg1 Rxe2 62. c7 Bxc7 63. Rxc7 Rd2 64. Rxd2 exd2 
65. Rd7 Kf6 66. Rxd2 Ke7 67. Kf2 Bc4 68. Rc2 Bd5 69. Rc7+ Kf6 70. Ke3 Bh1 
71. Kd4 Kg6 72. Rd7 Bg2 73. Ke5 Be4 1-0

[Event "Saturday 06 January Rapid Engine Tour 12+1 Rounds 9 Starts 1600 ST"]
[Site "Infinity Chess"]
[Date "2018.1.6"]
[Round "6"]
[White "ocirema"]
[Black "Susanne"]
[Result "1/2-1/2"]
[ECO "B32"]
[WhiteElo "2431"]
[BlackElo "2478"]
[WhiteEngine "Stockfish_18010423_720_x64_modern_BYO_RW_CTG"]
[BlackEngine "BrainFish_171226_x64_bmi2_CTG"]
[EventType "Swiss"]
[WhiteTeam ""]
[BlackTeam ""]
[PlyCount "123"]
[TimeControl "720+1"]

1. e4 c5 2. Nf3 Nc6 3. d4 cxd4 4. Nxd4 e5 5. Nb5 d6 6. c4 Nf6 7. N5c3 a6 
8. Na3 Be6 9. Nc2 Rc8 10. Be2 g6 11. O-O Bg7 12. Bg5 h6 13. Be3 O-O 14. f3 Ne7 
15. b3 Nh5 16. a4 f5 17. Qd2 Nf4 18. Rad1 Nc6 19. exf5 gxf5 20. Rfe1 Nxe2+ 
21. Qxe2 Na5 22. Na1 Nc6 23. Qf2 Rf6 24. Nc2 Qf8 25. Bb6 Rg6 26. Kh1 Kh7 
27. f4 Re8 28. Ne2 Bd7 29. a5 Ne7 30. Nb4 Nc6 31. Nd5 Ne7 32. Nb4 Nc6 
33. Nc2 Qf7 34. Ne3 Nb4 35. Rf1 e4 36. Qh4 Rg8 37. g4 Nd3 38. Qh5 Rf8 
39. Nxf5 Bxf5 40. Qxf5 Qxf5 41. gxf5 Rxf5 42. Ng3 Rxf4 43. Rxf4 Nxf4 
44. Nxe4 Be5 45. Bf2 Re6 46. Be1 Ne2 47. c5 dxc5 48. Rd7+ Kg8 49. Nxc5 Rf6 
50. Nd3 Bd4 51. Kg2 b6 52. Rd8+ Kf7 53. b4 bxa5 54. bxa5 Kg6 55. Bh4 Re6 
56. Bf2 Bxf2 57. Kxf2 Kf5 58. Rd5+ Ke4 59. Rd7 Kf5 60. Rd5+ Ke4 61. Rd7 Kf5 
62. Rd5+ 1/2-1/2

[Event "Saturday 06 January Rapid Engine Tour 12+1 Rounds 9 Starts 1600 ST"]
[Site "Infinity Chess"]
[Date "2018.1.6"]
[Round "6"]
[White "Gilgamesch"]
[Black "KillBill2017"]
[Result "1/2-1/2"]
[ECO "B90"]
[WhiteElo "2509"]
[BlackElo "2401"]
[WhiteEngine "BrainFish_171005_x64_bmi2"]
[BlackEngine "Raubfisch ME262_GTZ16b1_CTG"]
[EventType "Swiss"]
[WhiteTeam ""]
[BlackTeam ""]
[PlyCount "125"]
[TimeControl "720+1"]

1. e4 c5 2. Nf3 d6 3. d4 cxd4 4. Nxd4 Nf6 5. Nc3 a6 6. Be3 e5 7. Nb3 Be6 
8. Be2 Be7 9. O-O O-O 10. Qd3 Nbd7 11. Nd5 Bxd5 12. exd5 Ne8 13. a4 g6 
14. a5 Bg5 15. Nd2 f5 16. Bxg5 Qxg5 17. Qc3 Nef6 18. Nf3 Qf4 19. Qa3 Ne4 
20. c4 Ndf6 21. b4 Rac8 22. Qb2 Ng4 23. Qc1 Qxc1 24. Raxc1 Ngf6 25. h3 Rb8 
26. c5 Rfc8 27. cxd6 Rxc1 28. Rxc1 Nxd6 29. Nxe5 Re8 30. Nc4 Rc8 31. g3 Kf8 
32. Kf1 Nxc4 33. Rxc4 Rxc4 34. Bxc4 Ke7 35. Kg2 Kd6 36. Kf3 Nxd5 37. b5 axb5 
38. Bxb5 Ne7 39. Bd3 Nc6 40. a6 bxa6 41. Bxa6 Nb4 42. Bb5 Ke5 43. h4 Nd5 
44. Bc4 Nf6 45. Bf7 Ng4 46. Ba2 Kd4 47. Bb3 Ne5+ 48. Kf4 Nd3+ 49. Kf3 Ne5+ 
50. Ke2 Ng4 51. f3 Nf6 52. Bf7 Nh5 53. g4 Nf4+ 54. Kf2 Nd3+ 55. Ke2 fxg4 
56. fxg4 Ne5 57. Be6 Ke4 58. g5 Kf4 59. Kf1 Kg3 60. Bg8 Kxh4 61. Bxh7 Kxg5 
62. Kf2 Kf4 63. Bxg6 1/2-1/2

[Event "Saturday 06 January Rapid Engine Tour 12+1 Rounds 9 Starts 1600 ST"]
[Site "Infinity Chess"]
[Date "2018.1.6"]
[Round "6"]
[White "KULLANI"]
[Black "angriff"]
[Result "1-0"]
[ECO "B00"]
[WhiteElo "2437"]
[BlackElo "2406"]
[WhiteEngine "Raubfisch ME262_GTZ16b1._CTG"]
[BlackEngine "SF_64BIT_POPCNT_CTG"]
[EventType "Swiss"]
[WhiteTeam ""]
[BlackTeam ""]
[PlyCount "151"]
[TimeControl "720+1"]

1. e4 Nc6 2. Nf3 e5 3. Bc4 Bc5 4. O-O Nf6 5. d3 d6 6. c3 O-O 7. Bg5 a5 8. a4 h6 
9. Bh4 g5 10. Bg3 Kg7 11. Nbd2 Ba7 12. Re1 Ng8 13. h3 h5 14. Nf1 Nh6 15. d4 g4 
16. Bh4 Qe8 17. N3h2 exd4 18. cxd4 Bxd4 19. Ne3 Bxe3 20. Rxe3 Be6 21. Bd5 f6 
22. Rc1 Bxd5 23. exd5 Ne5 24. f4 gxf3 25. Rxc7+ Rf7 26. Rcc3 Nf5 27. Nxf3 Nxe3 
28. Rxe3 Nxf3+ 29. Qxf3 Qh8 30. Qf4 Rg8 31. Rf3 Kh7 32. Bxf6 Qg7 33. Bxg7 Rxf4 
34. Rxf4 Kxg7 35. Rf3 Rb8 36. Rb3 Kf6 37. Rb5 b6 38. b4 Rf8 39. Rxb6 Ke5 
40. bxa5 Rf4 41. Rb8 Rxa4 42. Rh8 h4 43. Rh5+ Kf6 44. a6 Kg6 45. Rh8 Rxa6 
46. Rxh4 Ra1+ 47. Kh2 Rd1 48. Rg4+ Kf5 49. Rg8 Rxd5 50. g4+ Kf6 51. h4 Kf7 
52. Rd8 Ke7 53. Ra8 Kf6 54. h5 Kg7 55. Kg3 Kf7 56. Kh4 Rc5 57. Ra4 Rc6 
58. g5 Rc1 59. g6+ Kg7 60. Ra7+ Kf6 61. Rf7+ Ke6 62. Rf4 Rg1 63. Rg4 Rh1+ 
64. Kg5 Rf1 65. h6 Rf5+ 66. Kh4 Rf1 67. g7 Kf5 68. g8=Q Rh1+ 69. Kg3 Rg1+ 
70. Kf3 Rf1+ 71. Kg2 Re1 72. h7 Re2+ 73. Kf3 Rf2+ 74. Kxf2 Kf6 75. h8=Q+ Kf5 
76. Qg6# 1-0

[Event "Saturday 06 January Rapid Engine Tour 12+1 Rounds 9 Starts 1600 ST"]
[Site "Infinity Chess"]
[Date "2018.1.6"]
[Round "6"]
[White "neófito"]
[Black "Prometheus"]
[Result "1/2-1/2"]
[ECO "C77"]
[WhiteElo "2413"]
[BlackElo "2438"]
[WhiteEngine "Raubfisch X37b1_CTG"]
[BlackEngine "Eman 1.58-64bit-IDeA"]
[EventType "Swiss"]
[WhiteTeam ""]
[BlackTeam ""]
[PlyCount "78"]
[TimeControl "720+1"]

1. e4 e5 2. Nf3 Nc6 3. Bb5 a6 4. Ba4 Nf6 5. O-O Nxe4 6. d4 b5 7. Bb3 d5 
8. dxe5 Be6 9. Nbd2 Nc5 10. c3 Nxb3 11. Nxb3 Be7 12. h3 O-O 13. Be3 a5 
14. Bc5 a4 15. Bxe7 Qxe7 16. Nbd4 Nxd4 17. cxd4 Ra6 18. Rc1 Bf5 19. Qe2 Rg6 
20. Kh2 Be4 21. g3 f5 22. exf6 Rgxf6 23. Ne5 Rf5 24. Qe3 b4 25. f4 g5 
26. Rf2 Qg7 27. Rg1 c5 28. Re2 cxd4 29. Qxd4 Kh8 30. Qxb4 Rg8 31. Ree1 Qxe5 
32. fxe5 Rf2+ 33. Rg2 Rxg2+ 34. Kh1 Bf3 35. Qc3 Rxg3+ 36. Kh2 Rg2+ 37. Kh1 Rg3+ 
38. Kh2 Rg2+ 39. Kh1 Rg3+ 1/2-1/2

[Event "Saturday 06 January Rapid Engine Tour 12+1 Rounds 9 Starts 1600 ST"]
[Site "Infinity Chess"]
[Date "2018.1.6"]
[Round "6"]
[White "RonWeasley"]
[Black "NINJA_JENGKA"]
[Result "1/2-1/2"]
[ECO "A00"]
[WhiteElo "2439"]
[BlackElo "2419"]
[WhiteEngine "BrainFish 261217_CTG"]
[BlackEngine "Houdini 6_CTG"]
[EventType "Swiss"]
[WhiteTeam ""]
[BlackTeam ""]
[PlyCount "101"]
[TimeControl "720+1"]

1. a3 e5 2. e3 Nf6 3. d4 exd4 4. exd4 d5 5. Nc3 Bd6 6. Nb5 O-O 7. Nxd6 Qe7+ 
8. Be3 Qxd6 9. Bd3 Ng4 10. Qf3 Nxe3 11. Qxe3 b6 12. Nf3 Nc6 13. O-O Bg4 
14. Nh4 Rae8 15. Qg5 Bd7 16. c3 h6 17. Qg3 Qxg3 18. hxg3 Na5 19. b4 Nb7 
20. a4 Nd6 21. Rfb1 Rc8 22. Nf3 f6 23. Ne1 Bf5 24. Bxf5 Nxf5 25. Nd3 c6 
26. a5 Nd6 27. axb6 axb6 28. Ra6 Nb5 29. Rc1 Rb8 30. f3 g5 31. g4 Rfe8 
32. Nf2 Nc7 33. Ra7 Nb5 34. Ra6 Re3 35. Nh1 f5 36. Ng3 fxg4 37. Nf5 Rxc3 
38. Rxc3 Nxc3 39. fxg4 Kf8 40. Kf2 Nb5 41. Ra1 Re8 42. Ra6 Re4 43. Rxb6 Ke8 
44. Rxc6 Nxd4 45. Nxd4 Rxd4 46. Rxh6 Rxb4 47. Rd6 Rxg4 48. Rxd5 Kf7 49. Rf5+ Ke6 
50. Rb5 Rf4+ 51. Kg1 1/2-1/2

[Event "Saturday 06 January Rapid Engine Tour 12+1 Rounds 9 Starts 1600 ST"]
[Site "Infinity Chess"]
[Date "2018.1.6"]
[Round "6"]
[White "KhalidOmar"]
[Black "Marsell"]
[Result "1/2-1/2"]
[ECO "D30"]
[WhiteElo "2443"]
[BlackElo "2455"]
[WhiteEngine "Eman 1.60 64-bit BMI2"]
[BlackEngine "asmFishW_2017-12-07_popcnt"]
[EventType "Swiss"]
[WhiteTeam ""]
[BlackTeam ""]
[PlyCount "228"]
[TimeControl "720+1"]

1. d4 d5 2. c4 e6 3. Nf3 Nf6 4. g3 dxc4 5. Bg2 Bb4+ 6. Bd2 a5 7. Qc2 b6 
8. O-O Bb7 9. Bxb4 axb4 10. Qxc4 Nc6 11. Nbd2 O-O 12. Rfd1 Nd5 13. Nb3 Qe7 
14. Qc2 Rfc8 15. Nfd2 Qe8 16. Nc4 h6 17. Re1 Qd7 18. e4 Nf6 19. Rad1 Rxa2 
20. Bh3 Nd8 21. d5 Qe8 22. Ne5 Ra6 23. Qd2 Raa8 24. f4 Ra2 25. Qc2 Raa8 
26. Rd2 Qf8 27. Qd1 Qe7 28. Bg2 Ra2 29. Nc4 Ba8 30. Ne3 Qf8 31. g4 c5 32. Nc4 b5 
33. Nb6 Rb8 34. Nxa8 Rbxa8 35. dxe6 Nxe6 36. e5 Nh7 37. Bxa8 Rxa8 38. f5 Nf4 
39. Re3 c4 40. Qf3 Nd3 41. h4 Re8 42. Qc6 Nxe5 43. Qxb5 Nd7 44. Rxe8 Qxe8 
45. Qxc4 Qe1+ 46. Kg2 Nhf6 47. Qe2 Qxh4 48. Rd4 h5 49. Qf2 Qg5 50. Qf4 Qxf4 
51. Rxf4 Nxg4 52. Nd2 Kf8 53. Kg3 Nh6 54. Nc4 Ke7 55. Ne3 b3 56. Rc4 g5 
57. fxg6 fxg6 58. Kh4 Nf7 59. Rc3 Kd6 60. Rxb3 Kc5 61. Rc3+ Kb5 62. Rc8 Nde5 
63. Nd5 Nd3 64. Nc3+ Kb4 65. Nd5+ Kb5 66. Nf6 Kb4 67. Rf8 Nfe5 68. Rb8+ Kc5 
69. Rc8+ Kd4 70. Rb8 Nf7 71. Nh7 Kd5 72. b3 Nde5 73. Nf6+ Kc5 74. Kg3 Nd6 
75. Kf4 Nef7 76. Kg3 Nf5+ 77. Kf4 N5d6 78. Kg3 Ne5 79. Rg8 Ndf7 80. Rc8+ Kb4 
81. Rb8+ Kc5 82. Re8 Kb4 83. Rb8+ Kc5 84. Kh3 Nc6 85. Rb7 Ng5+ 86. Kg3 Ne6 
87. Kf2 Ncd4 88. Rb8 h4 89. Ke3 Kd6 90. b4 h3 91. Kf2 Ke5 92. Ng4+ Kf4 
93. Nh2 Nc6 94. Rc8 Ne5 95. b5 g5 96. b6 Nc5 97. Kg1 Ned7 98. Nf1 Ke5 
99. Rc6 Kd5 100. Rh6 Nb7 101. Ne3+ Kc5 102. Rh7 Kc6 103. Nf5 Nbc5 104. Rxh3 Kxb6 
105. Rh6+ Kc7 106. Nd4 Ne4 107. Rc6+ Kd8 108. Nb3 Ke7 109. Kg2 Kf7 110. Ra6 Nec5 
111. Ra7 Nxb3 112. Rxd7+ Ke6 113. Rd1 Na5 114. Kf3 Nc4 1/2-1/2

[Event "Saturday 06 January Rapid Engine Tour 12+1 Rounds 9 Starts 1600 ST"]
[Site "Infinity Chess"]
[Date "2018.1.6"]
[Round "6"]
[White "Tiger"]
[Black "Eman"]
[Result "1/2-1/2"]
[ECO "B90"]
[WhiteElo "2444"]
[BlackElo "2458"]
[WhiteEngine "BrainFish_171111_x64_bmi2"]
[BlackEngine "Eman 1.60 64-bit POPCNT"]
[EventType "Swiss"]
[WhiteTeam ""]
[BlackTeam ""]
[PlyCount "121"]
[TimeControl "720+1"]

1. e4 c5 2. Nf3 d6 3. d4 cxd4 4. Nxd4 Nf6 5. Nc3 a6 6. Be3 e5 7. Nb3 Be7 
8. Be2 Be6 9. Qd3 O-O 10. O-O Nc6 11. a3 Rc8 12. Nd5 Nd7 13. Qd2 h6 14. Rad1 Bg5 
15. Bxg5 Qxg5 16. Qxg5 hxg5 17. h3 Rfd8 18. Bg4 Kf8 19. Rd2 Nf6 20. Bxe6 fxe6 
21. Nb6 Rc7 22. f3 Ke7 23. a4 Nd4 24. Nxd4 exd4 25. Rxd4 Rxc2 26. Rf2 Rc1+ 
27. Kh2 Rh8 28. Rb4 g4 29. e5 dxe5 30. Nc4 Rb8 31. Nxe5 gxh3 32. gxh3 Rc5 
33. f4 b5 34. Rg2 Kf8 35. Rb3 Rbc8 36. Kg3 bxa4 37. Rb6 Rc2 38. Rxc2 Rxc2 
39. Rxa6 Rxb2 40. Ra8+ Ke7 41. Ng6+ Kd6 42. Rxa4 Rb3+ 43. Kh4 Nd5 44. Ra6+ Rb6 
45. Rxb6+ Nxb6 46. Kg4 Nd5 47. Kf3 Nc3 48. Kg4 Ne4 49. h4 Nf6+ 50. Kf3 Kc5 
51. Ne5 Kd6 52. Nc4+ Kc5 53. Nd2 Kd4 54. Nb3+ Kc3 55. Nc5 Kc4 56. Nxe6 g6 
57. Nf8 Kd5 58. Nxg6 Ke6 59. Ne5 Kf5 60. Nc4 Kg6 61. Na3 1/2-1/2

[Event "Saturday 06 January Rapid Engine Tour 12+1 Rounds 9 Starts 1600 ST"]
[Site "Infinity Chess"]
[Date "2018.1.6"]
[Round "6"]
[White "SkyPilot"]
[Black "Klaus"]
[Result "1/2-1/2"]
[ECO "C53"]
[WhiteElo "2472"]
[BlackElo "2446"]
[WhiteEngine "stockfish_x64_bmi2_2018_01_01_CTG"]
[BlackEngine "asmFishW_2017-11-19_bmi2"]
[EventType "Swiss"]
[WhiteTeam ""]
[BlackTeam ""]
[PlyCount "79"]
[TimeControl "720+1"]

1. e4 e5 2. Nf3 Nc6 3. Bc4 Bc5 4. c3 Nf6 5. d3 d6 6. O-O a5 7. Re1 O-O 8. h3 h6 
9. Nbd2 Be6 10. Bb5 Qb8 11. Nf1 Qa7 12. Re2 a4 13. Ng3 Qa5 14. Bxc6 bxc6 
15. Nh4 Rfe8 16. Re1 d5 17. exd5 cxd5 18. Rxe5 Bf8 19. Qc2 c5 20. Bd2 Nd7 
21. Re2 c4 22. d4 a3 23. bxa3 Qxa3 24. Nf3 Reb8 25. Be3 Qa4 26. Qc1 Ba3 
27. Qe1 Rb2 28. Ne5 Rab8 29. Rxb2 Bxb2 30. Nxd7 Bxd7 31. Bxh6 Bxa1 32. Qe5 Rb1+ 
33. Kh2 gxh6 34. Nh5 Kf8 35. Qg7+ Ke7 36. Qf6+ Ke8 37. Qh8+ Ke7 38. Qf6+ Ke8 
39. Qh8+ Ke7 40. Qf6+ 1/2-1/2

[Event "Saturday 06 January Rapid Engine Tour 12+1 Rounds 9 Starts 1600 ST"]
[Site "Infinity Chess"]
[Date "2018.1.6"]
[Round "6"]
[White "incredible"]
[Black "MarioDeMonti"]
[Result "1-0"]
[ECO "C77"]
[WhiteElo "2483"]
[BlackElo "2446"]
[WhiteEngine "stockfish_18010422_x64_bmi2"]
[BlackEngine "stockfish_x64_bmi2_2017_12_26_CTG"]
[EventType "Swiss"]
[WhiteTeam ""]
[BlackTeam ""]
[PlyCount "185"]
[TimeControl "720+1"]

1. e4 e5 2. Nf3 Nc6 3. Bb5 a6 4. Ba4 Nf6 5. O-O Be7 6. Nc3 b5 7. Bb3 d6 
8. d3 Bb7 9. a3 O-O 10. Re1 h6 11. Nd5 Nxd5 12. Bxd5 Qc8 13. h3 a5 14. a4 b4 
15. c3 Nb8 16. Bxb7 Qxb7 17. Nh2 Kh7 18. Ng4 Qc8 19. d4 bxc3 20. bxc3 Qe6 
21. Ne3 Nd7 22. Nf5 Rfb8 23. d5 Qf6 24. Qc2 Bf8 25. Ba3 g6 26. Ne3 h5 27. c4 Bh6 
28. Nf1 Qd8 29. Reb1 Rxb1 30. Rxb1 Qc8 31. Nd2 Nf6 32. Nf3 g5 33. Nh2 g4 
34. hxg4 hxg4 35. Nf1 Bf4 36. c5 Qd7 37. Rb7 Qc8 38. Rb1 Kg6 39. Ng3 Qf8 
40. Bc1 Bxg3 41. fxg3 Qg7 42. Ba3 dxc5 43. Qxc5 Rh8 44. Re1 Nh5 45. Qc6+ Qf6 
46. Qc3 Re8 47. Rf1 Qa6 48. Bc5 Qe2 49. Ba7 f6 50. Re1 Qa6 51. Bf2 Rc8 
52. Qc2 Ng7 53. Be3 Rg8 54. Qxc7 Qd3 55. Qxa5 Qxe4 56. Bb6 Qc4 57. d6 Qd3 
58. Qb4 Kf7 59. Qxg4 Qxd6 60. a5 Qc6 61. Rf1 Rc8 62. Rd1 f5 63. Qh4 Qe6 
64. Be3 Rc6 65. Rb1 Qd7 66. Kh2 Ne8 67. Qh5+ Kg7 68. g4 Qf7 69. Qg5+ Rg6 
70. Qxf5 Qxf5 71. gxf5 Ra6 72. Rb7+ Kf8 73. Bc5+ Kg8 74. Re7 Ng7 75. Rxe5 Ra8 
76. Bb6 Kf7 77. g4 Ne8 78. Kg3 Nf6 79. g5 Nd7 80. Re6 Nf8 81. g6+ Nxg6 
82. Rxg6 Rc8 83. Bd4 Rb8 84. a6 Ke7 85. Rg7+ Kf8 86. a7 Ra8 87. Kf4 Ke8 
88. Rg8+ Kd7 89. Rxa8 Kc7 90. Ke5 Kd7 91. Rb8 Kc6 92. a8=Q+ Kd7 93. Qb7# 1-0

[Event "Saturday 06 January Rapid Engine Tour 12+1 Rounds 9 Starts 1600 ST"]
[Site "Infinity Chess"]
[Date "2018.1.6"]
[Round "6"]
[White "Harry_Potter"]
[Black "Katzenmaier"]
[Result "1/2-1/2"]
[ECO "C77"]
[WhiteElo "2504"]
[BlackElo "2488"]
[WhiteEngine "stockfish_18010422_x64_bmi2_CTG"]
[BlackEngine "S_XPrO.251117.x64.POPCNT_CTG"]
[EventType "Swiss"]
[WhiteTeam ""]
[BlackTeam ""]
[PlyCount "82"]
[TimeControl "720+1"]

1. e4 e5 2. Nf3 Nc6 3. Bb5 a6 4. Ba4 Nf6 5. d3 Bc5 6. O-O d6 7. c3 O-O 8. h3 Re8 
9. Re1 b5 10. Bc2 Bb6 11. a4 b4 12. Nbd2 h6 13. Nc4 Ba7 14. a5 Bd7 15. Be3 Bxe3 
16. Nxe3 Rb8 17. Qd2 Rb5 18. c4 Rxa5 19. Rxa5 Nxa5 20. Qxb4 c5 21. Qd2 Nc6 
22. Ra1 Nb4 23. Ba4 a5 24. Nd5 Bxa4 25. Rxa4 Nd7 26. g3 Nb6 27. Ra1 N6xd5 
28. cxd5 Qc8 29. Rxa5 Qxh3 30. Nh4 Rb8 31. Ra1 g6 32. Ra7 Qg4 33. Ng2 Qh5 
34. Nh4 Kg7 35. Ng2 c4 36. dxc4 Qf3 37. Qe3 Qd1+ 38. Kh2 Qh5+ 39. Kg1 Qd1+ 
40. Kh2 Qh5+ 41. Kg1 Qd1+ 1/2-1/2